 Dungeon Crawl Stone Soup version 0.28-a0-1227-ga9037bb4c8 (webtiles) character file.

Game seed: 11740026420343110365

3940 bearlyready the Fighter (level 10, -7/89 HPs)
             Began as a Demonspawn Brigand on Dec 22, 2021.
             Was an Initiate of Gozag.
             Mangled by a boulder beetle (26 damage)
             ... on level 8 of the Dungeon.
             The game lasted 00:09:20 (10364 turns).

bearlyready the Fighter (Demonspawn Brigand)       Turns: 10364, Time: 00:09:21

Health: -7/89      AC:  9    Str: 12    XL:     10   Next: 1%
Magic:  10/10      EV: 11    Int: 13    God:    Gozag
Gold:   966        SH:  0    Dex: 18    Spells: 9/9 levels left

rFire   . . .      SeeInvis +   d - +0 whip (elec)
rCold   . . .      Faith    .   (no shield)
rNeg    . . .      Spirit   .   P - +0 steam dragon scales
rPois   +          Reflect  .   (helmet unavailable)
rElec   .          Harm     .   c - +1 cloak
rCorr   .          Rampage  .   E - +1 pair of gloves
Will    .....                   (no boots)
Stlth   +++.......              q - amulet of magic regeneration
HPRegen 0.24/turn               j - ring of poison resistance
MPRegen 0.52/turn               A - ring of see invisible

@: mighty, gold aura, studying Spellcasting, invisible
A: horns 3, demonic guardian 1, powered by pain 1, talons 1, screaming 1
a: Renounce Religion, Potion Petition, Call Merchant, Bribe Branch


You were on level 8 of the Dungeon.
You worshipped Gozag.
Gozag was pleased with you.
You visited 1 branch of the dungeon, and saw 8 of its levels.

You collected 1168 gold pieces.
You spent 161 gold pieces at shops.
You paid 41 gold pieces to Gozag.

Inventory:

Hand Weapons
 a - a +2 dagger
 d - a +0 whip of electrocution (weapon)
 C - a +0 broad axe
 D - a +0 hunting sling
 I - a +2 vorpal flail
Missiles
 e - 8 poisoned darts (quivered)
 f - 315 stones
 z - 40 bolts
 F - 13 sling bullets
 M - 6 boomerangs
Armour
 b - a +0 robe
 c - a +1 cloak (worn)
 m - a +0 ring mail
 E - a +1 pair of gloves (worn)
 L - a +2 robe of fire resistance
 P - +0 steam dragon scales (worn)
Jewellery
 j - a ring of poison resistance (left hand)
 q - an amulet of magic regeneration (around neck)
 A - a ring of see invisible (right hand)
 B - a ring of ice
Wands
 p - a wand of digging (9)
Scrolls
 g - a scroll of teleportation
 h - 3 scrolls of enchant armour
 i - 2 scrolls of vulnerability
 k - a scroll of fear {unknown}
 l - 2 scrolls of magic mapping {unknown}
 n - a scroll of enchant weapon {unknown}
 s - 2 scrolls of noise
 t - a scroll of blinking {unknown}
 u - a scroll of silence {unknown}
 v - a scroll of summoning {unknown}
 w - 2 scrolls of amnesia
 y - 2 scrolls of fog
 G - a scroll of torment {unknown}
 H - a scroll of immolation
Potions
 o - a potion of mutation
 r - a potion of cancellation {unknown}
 J - a potion of lignification {unknown}
 K - a potion of berserk rage {unknown}
 N - a potion of degeneration
 O - a potion of ambrosia {unknown}


   Skills:
 + Level 12.1 Fighting
 - Level 2.0 Short Blades
 + Level 7.1 Maces & Flails
 - Level 2.0 Throwing
 - Level 0.8 Dodging
 - Level 3.6 Stealth


You had 9 spell levels left.
You didn't know any spells.
Your spell library contained the following spells:

 Spells                   Type           Power      Damage    Failure   Level
 Animate Skeleton         Necr           0%         N/A       30%         1
 Freeze                   Ice            0%         1d3       30%         1
 Pain                     Necr           0%         1d4       30%         1
 Ensorcelled Hibernation  Hex/Ice        0%         N/A       43%         2
 Frozen Ramparts          Ice            0%         1d2       67%         3
 Gell's Gravitas          Tloc           0%         N/A       67%         3
 Lesser Beckoning         Tloc           0%         N/A       67%         3
 Teleport Other           Tloc           0%         N/A       67%         3
 Tukima's Dance           Hex            0%         N/A       67%         3
 Vampiric Draining        Necr           0%         2d6       67%         3
 Hailstorm                Conj/Ice       0%         3d3       97%         4
 Petrify                  Tmut/Erth      0%         N/A       97%         4
 Metabolic Englaciation   Hex/Ice        0%         N/A       100%        5
 Statue Form              Tmut/Erth      0%         N/A       100%        6


Dungeon Overview and Level Annotations

Branches:
Dungeon (8/15)             Temple (0/1) D:5
   Lair: D:8-11

Altars:
Dithmenos
Fedhas
Gozag
Yredelemnul
The Shining One

Shops:
D:6 [

Annotations:
D:5 3 runed translucent doors, AigisTheKnight's ghost, amateur DrAE
D:6 2 transporters


Innate Abilities, Weirdness & Mutations

You have a pair of large horns on your head.
A weak demonic guardian rushes to your aid.
You sometimes gain a little power by taking damage.
You have sharp toenails.
You occasionally shout uncontrollably at your foes.


Message History

You hit the boulder beetle but do no damage.
You headbutt the boulder beetle.
The boulder beetle is severely wounded.
Your white imp barely misses the boulder beetle.
The boulder beetle bites you!
You hit the boulder beetle.
The boulder beetle is severely wounded.
Your white imp hits the boulder beetle but does no damage.
The boulder beetle leaps!
Throw: 9 darts (poison)
Press: ? - help, Q - select action, (/) - cycle Shift-Dir - straight line You throw a poisoned dart.
The poisoned dart hits the howler monkey zombie.
Okay, then.
Okay, then.
You fade into invisibility!
The howler monkey zombie closely misses you.
Your white imp hits the boulder beetle but does no damage.
You whack the howler monkey zombie!
The howler monkey zombie is moderately damaged.
The howler monkey zombie barely misses you.
Your white imp hits the boulder beetle but does no damage.
You catch the helpless howler monkey zombie completely off-guard!
You whack the howler monkey zombie! You claw the howler monkey zombie.
You destroy the howler monkey zombie!
The boulder beetle bites you!!
* * * LOW HITPOINT WARNING * * *
Your white imp hits the boulder beetle but does no damage.
You see here 4 gold pieces.
You hit the boulder beetle but do no damage.
The boulder beetle is severely wounded.
The boulder beetle barely misses you.
Your white imp hits the boulder beetle but does no damage.
You hit the boulder beetle but do no damage.
You claw the boulder beetle, but do no damage.
You headbutt the boulder beetle.
The boulder beetle is severely wounded.
The boulder beetle bites you!!
You die...
Your body crumbles into a pile of gold.

......................#.#
...#..##.#......##.####.#
........................#
.###..##.###.#####.######
.............####..#
.#.....#.#.#<##....#
.#.....#.#.#.##....#$
.#...........#.....#
.....>.......#5B@.##$
..))..[......#....# $
...#..[<.....#.(###
...#######...#.#
.....#####...#.
.............#. $
...#######.#.# ..###
#.#.# ....# #...#


You could see a boulder beetle (ally target) and a friendly white imp
(summoned).

Vanquished Creatures
  Pikel (D:5)
  Maggie (D:8)
  Sigmund (D:5)
  Menkaure (D:7)
  Edmund (D:5)
  An orc warrior (D:7)
  A water moccasin (D:7)
  2 ice beasts
  A hornet zombie (D:7)
  3 sky beasts
  3 ogres
  4 necrophages (D:7)
  A centaur (D:7)
  Blork the orc (D:5)
  2 bullfrogs
  A wyvern zombie (D:8)
  2 scorpions
  5 wights
  A bullfrog zombie (D:7)
  3 lava snakes (D:8)
  2 gnoll shamans (D:6)
  A centaur skeleton (D:7)
  3 centaur zombies
  3 hounds
  3 bullfrog skeletons
  An orc wizard (D:8)
  2 iguanas
  2 scorpion zombies (D:5)
  A hound skeleton (D:4)
  2 howler monkey zombies
  8 gnolls (D:6)
  A howler monkey skeleton (D:7)
  3 adders
  A shadow imp (D:7)
  A white imp (D:7)
  A worm (D:3)
  A dart slug (D:3)
  5 orcs
  4 bats
  3 endoplasms
  6 goblins
  5 hobgoblins
  3 jackals (D:4)
  5 kobolds
  3 quokkas
  4 ball pythons
  4 frilled lizards
  4 rats
118 creatures vanquished.

Vanquished Creatures (collateral kills)
  A bullfrog skeleton (D:4)
  An orc wizard (D:4)
  An orc (D:4)
  A jackal (D:4)
4 creatures vanquished.

Vanquished Creatures (others)
  2 bushes (D:7)
  13 plants (D:7)
  5 toadstools (D:5)
20 creatures vanquished.

Grand Total: 142 creatures vanquished

Notes
Turn   | Place    | Note
-------+----------+-------------------------------------------
     0 | D:1      | bearlyready the Demonspawn Brigand began the quest for the
                  | Orb.
     0 | D:1      | Reached XP level 1. HP: 16/16 MP: 1/1
   373 | D:1      | Gained mutation: A weak demonic guardian rushes to your
                  | aid. [demonic ancestry]
   373 | D:1      | Reached XP level 2. HP: 23/23 MP: 2/2
   879 | D:2      | Reached skill level 3 in Fighting
   879 | D:2      | Gained mutation: You have a pair of small horns on your
                  | head. [demonic ancestry]
   879 | D:2      | Reached XP level 3. HP: 29/29 MP: 3/3
  1397 | D:2      | Found a faded altar of an unknown god.
  1507 | D:3      | Found an opulent altar of Gozag.
  1521 | D:3      | Became a worshipper of Gozag Ym Sagoz the Greedy
  1642 | D:3      | Noticed an ogre
  1657 | D:3      | Killed an ogre
  1658 | D:3      | Reached skill level 5 in Fighting
  1658 | D:3      | Reached XP level 4. HP: 39/39 MP: 4/4
  1658 | D:3      | Reached XP level 5. HP: 44/44 MP: 5/5
  2557 | D:4      | Noticed an ogre
  2578 | D:4      | Killed an ogre
  2579 | D:4      | Reached skill level 6 in Fighting
  2579 | D:4      | Gained mutation: You sometimes gain a little power by
                  | taking damage. [demonic ancestry]
  2579 | D:4      | Reached XP level 6. HP: 47/53 MP: 6/6
  3435 | D:5      | Entered Level 5 of the Dungeon
  3473 | D:5      | Noticed Blork the orc
  3484 | D:5      | Killed Blork the orc
  3601 | D:5      | Reached skill level 7 in Fighting
  3688 | D:5      | Found a staircase to the Ecumenical Temple.
  4004 | D:5      | Noticed Pikel
  4025 | D:5      | Killed Pikel
  4026 | D:5      | Reached skill level 9 in Fighting
  4026 | D:5      | Reached XP level 7. HP: 64/64 MP: 7/7
  4301 | D:5      | Noticed Sigmund
  4340 | D:5      | Killed Sigmund
  4341 | D:5      | Reached skill level 1 in Maces & Flails
  4341 | D:5      | Reached XP level 8. HP: 13/71 MP: 8/8
  4625 | D:5      | Noticed Edmund
  4634 | D:5      | Killed Edmund
  4792 | D:5      | Found a runed translucent gate.
  4792 | D:5      | Found a runed translucent gate.
  4792 | D:5      | Found a runed translucent gate.
  4792 | D:5      | Noticed AigisTheKnight's ghost (amateur DrAE)
  4794 | D:5      | Found a basalt altar of Yredelemnul.
  5328 | D:6      | Found Ulell's Armour Shop.
  5756 | D:5      | Reached skill level 10 in Fighting
  6010 | D:6      | Found a transporter.
  6016 | D:6      | Found a transporter.
  6124 | D:6      | Found a shadowy altar of Dithmenos.
  6125 | D:6      | Noticed a kobold demonologist
  6423 | D:6      | Bought a +1 pair of gloves for 161 gold pieces
  7092 | D:7      | Gained mutation: You occasionally shout uncontrollably at
                  | your foes. [potion of mutation]
  7092 | D:7      | Gained mutation: You have sharp toenails. [potion of
                  | mutation]
  7100 | D:7      | Gained mutation: You have a pair of horns on your head.
                  | [demonic ancestry]
  7100 | D:7      | Reached XP level 9. HP: 8/79 MP: 9/9
  7631 | D:7      | Reached skill level 5 in Maces & Flails
  7790 | D:7      | Noticed Menkaure
  7807 | D:7      | Reached skill level 11 in Fighting
  7808 | D:7      | Killed Menkaure
  8281 | D:7      | Found a blossoming altar of Fedhas.
 10062 | D:8      | Reached skill level 12 in Fighting
 10103 | D:8      | Noticed Maggie
 10114 | D:8      | Killed Maggie
 10115 | D:8      | Gained mutation: You have a pair of large horns on your
                  | head. [demonic ancestry]
 10115 | D:8      | Reached XP level 10. HP: 58/89 MP: 10/10
 10338 | D:8      | Noticed a boulder beetle
 10364 | D:8      | Mangled by a boulder beetle

Illustrated notes

Levels and vault maps discovered:
D:1:      scummos_arrival_simple_fountains, layout_basic,
          hangedman_abyss_or_decor_lesser_grid, chequers_serial_rivers_micro_c,
          serial_park_tiny_pond, grunt_decor_resistance
D:2:      layout_basic, basic_ecumenical_altar
D:3:      layout_basic, nicolae_gozag_cash_rules_everything_around_me
D:4:      layout_gridville
D:5:      layout_basic, lemuel_crystal_altar, nicolae_yredelemnul_ghost_church,
          minmay_temple_entry_enclosed_plants, chequers_serial_rivers_micro_a,
          eino_curves_04, minivault_27, kennysheep_big_empty_room,
          amcnicky_mini_corridor_feature, minmay_gold_behind_fungi,
          minmay_misc_feat_doors, sigmund_edmund_badplayer, uniq_sigmund,
          uniq_blork_the_orc, uniq_pikel, uniq_crazy_yiuf_cottage
D:6:      layout_gridville, gammafunk_temple_overflow_arena, serial_shops,
          nicolae_square_shop, kennysheep_small_circle
D:7:      layout_basic, fedhas_altar_decomposition, minivault_27,
          minmay_manual_mandibuliform, uniq_menkaure
D:8:      minmay_opposing_rooms, layout_basic, kennysheep_generic_room_2,
          uniq_maggie

Skill      XL: |  1  2  3  4  5  6  7  8  9 |
---------------+----------------------------+-----
Short Blades   | 2 |  2.0
Throwing       | 2 |  2.0
Fighting       | 3 5 6 9 10 12 | 12.1
Maces & Flails | 1 4 7 |  7.1
Dodging        | |  0.8
Stealth        | |  3.6

Action                   |  1- 3 |  4- 6 |  7- 9 | 10-12 || total
-------------------------+-------+-------+-------+-------++-------
Melee: Dagger            |    84 |   107 |       |       ||   191
       Headbutt          |     7 |    16 |    74 |     3 ||   100
       Whip              |       |       |   345 |    16 ||   361
       Kick              |       |       |    69 |     7 ||    76
Throw: Dart              |     7 |    17 |    16 |     1 ||    41
  Use: Scroll            |       |       |    10 |       ||    10
       Potion            |       |       |     7 |     1 ||     8
 Stab: Sleeping          |     5 |     5 |     4 |     1 ||    15
       Distracted        |       |     1 |     2 |       ||     3
       Invisible         |       |       |       |     1 ||     1
Armor: Robe              |     5 |       |    32 |       ||    37
       Ring mail         |    21 |    41 |    59 |       ||   121
Dodge: Dodged            |    42 |    40 |   158 |     6 ||   246

Table legend: (Time is in decaauts)
 A = Elapsed time spent in this place.
 B = Non-inter-level travel time spent in this place.
 C = Inter-level travel time spent in this place.
 D = Time resting spent in this place.
 E = Time spent auto-exploring this place.
 F = Levels seen in this place.
 G = Mean time per level.
                   A        B        C        D        E       F      G
               +--------+--------+--------+--------+--------+-----+--------+
         Total |  10298 |   9815 |    483 |    675 |   7705 |   8 | 1287.2 |
       Dungeon |  10298 |   9815 |    483 |    675 |   7705 |   8 | 1287.2 |
               +--------+--------+--------+--------+--------+-----+--------+

Top non-repeatable levels by time:
     D:7: 2397 daAuts
     D:5: 2135 daAuts
     D:6: 1406 daAuts
     D:4: 1397 daAuts
     D:8: 865 daAuts
     D:2: 772 daAuts
     D:1: 677 daAuts
     D:3: 646 daAuts
